 Dungeon Crawl Stone Soup version 0.31-a0-221-gbddc013574 (webtiles) character file.

Game seed: 2893769287352514152

513 qw the Shooter (level 7, 0/60 HPs)
             Began as a Minotaur Hexslinger on July 4, 2023.
             Slain by Dowan
             ... wielding a +0 dagger
              (1 damage)
             ... on level 4 of the Dungeon.
             The game lasted 00:00:42 (2292 turns).

qw the Shooter (Minotaur Hexslinger)                Turns: 2292, Time: 00:00:43

Health: 0/60       AC:  6    Str: 13    XL:     7   Next: 0%
Magic:  7/7        EV: 11    Int: 10    God:
Gold:   63         SH:  0    Dex: 14    Spells: 7/8 levels left

rFire   . . .        d - +2 sling (heavy)
rCold   . . .        (no shield)
rNeg    . . .        g - +0 ring mail
rPois   .            (helmet restricted)
rElec   .            (no cloak)
rCorr   .            (no gloves)
SInv    .            l - +0 pair of boots
Will    .....        (no amulet)
Stlth   +            (no ring)
HPRegen 0.30/turn    (no ring)
MPRegen 0.10/turn

%: no passive effects
@: about to teleport
A: horns 2, retaliatory headbutt
a: no special abilities


You were on level 4 of the Dungeon.
You visited 1 branch of the dungeon, and saw 4 of its levels.

You collected 63 gold pieces.


Innate Abilities, Weirdness & Mutations

You have a pair of horns on your head.
You reflexively headbutt those who attack you in melee.


   Skills:
 - Level 4.5 Fighting
 + Level 7.1 Ranged Weapons
 - Level 1.0 Armour
 - Level 2.1 Dodging
 - Level 1.0 Spellcasting
 - Level 2.0 Hexes


You had 7 spell levels left.
You knew the following spells:

 Your Spells              Type           Power      Damage    Failure   Level
a - Slow                  Hex            16%        N/A       32%         1

Your spell library contained the following spells:

 Spells                   Type           Power      Damage    Failure   Level
 Inner Flame              Hex/Fire       2%         N/A       82%         3
 Portal Projectile        Hex/Tloc       4%         N/A       82%         3
 Cause Fear               Hex            2%         N/A       97%         4

Inventory:

Hand Weapons
 d - a +2 heavy sling (weapon)
Armour
 g - a +0 ring mail (worn)
 l - a +0 pair of boots (worn)
Scrolls
 h - a scroll of teleportation
 k - a scroll of identify
Potions
 a - 2 potions of attraction {unknown}
 b - a potion of mutation {unknown}
 c - a potion of haste {unknown}
 e - a potion of degeneration {unknown}
 f - a potion of curing
 j - 2 potions of might
 m - a potion of heal wounds {unknown}

Dungeon Overview and Level Annotations

Branches:
Dungeon (4/15)
 Temple: D:4-7

Altars:
Dithmenos

Annotations:
D:4 Dowan


Message History

Dowan hits you but does no damage. The scorpion barely misses you.
Dowan misses you. The jelly completely misses you. The scorpion stings you.
Dowan hits you but does no damage.
You shoot a sling bullet. The sling bullet hits the jelly.
You kill the jelly!
You feel sick. Dowan hits you with a +0 dagger.
The scorpion stings you but does no damage.
Dowan hits you but does no damage. The scorpion stings you.
2288 ||| READING 3 scrolls of teleportation.
As you read the scroll of teleportation, it crumbles to dust.
You feel strangely unstable.
You feel sick. Dowan barely misses you. The scorpion barely misses you.
Dowan closely misses you.
You shoot a sling bullet. The sling bullet hits Dowan!
Dowan is almost dead.
You feel sick.
Dowan mumbles some strange words.
Dowan blinks!
The scorpion barely misses you. You furiously retaliate!
You headbutt the scorpion.
Dowan gestures wildly while chanting.
Dowan blinks!
The scorpion stings you. The scorpion closely misses you.
You shoot a sling bullet. The sling bullet hits the scorpion!
The scorpion is almost dead.
You feel sick.
Dowan drinks a potion.
Dowan is healed!
The scorpion closely misses you. You furiously retaliate!
You headbutt the scorpion!
You kill the scorpion!
Your Ranged Weapons skill increases to level 7!
You have reached level 7!
You shoot a sling bullet. The sling bullet hits Dowan!
Dowan is almost dead.
Your surroundings seem slightly different.
You feel sick.
You are no longer poisoned.
Dowan hits you but does no damage. Dowan barely misses you.
2292 ||| READING 2 scrolls of teleportation.
As you read the scroll of teleportation, it crumbles to dust.
You feel strangely unstable. Dowan hits you with a +0 dagger.
You die...

..#####. ..
........ ..
.......< #.
.#......
###.######
........
#........#
.#.>....
#........#
######.
#........# #.
#...@)...# #.
#...e)...# #.
#........# #.
#........# #.
#........# #.
###.#########
#.
#.#........
#. #.......#
#.# #.
###...(...#
#.# .#.


You could see Dowan (fast).

Vanquished Creatures
  Sigmund (D:4)
  Duvessa (D:4)
  2 scorpions
  A howler monkey (D:4)
  A jelly (D:4)
  An adder (D:2)
  A dart slug (D:2)
  An orc (D:4)
  6 ball pythons
  4 endoplasms
  3 giant cockroaches
  10 goblins
  7 hobgoblins
  4 kobolds
  A quokka (D:2)
  3 bats
  A frilled lizard (D:2)
  7 rats
55 creatures vanquished.

Notes
Turn   | Place    | Note
-------+----------+-------------------------------------------
     0 | D:1      | qw the Minotaur Hexslinger began the quest for the Orb.
     0 | D:1      | Reached XP level 1. HP: 16/16 MP: 1/1
     0 | D:1      | 0 ||| qw: Version: 0.3-a-40-ge99b1a8
     0 | D:1      | 0 ||| qw: Game counter: 635
     0 | D:1      | 0 ||| qw: Melee chars always use a shield: true
     0 | D:1      | 0 ||| qw: God list: Okawaru
     0 | D:1      | 0 ||| qw: Allow faded altars: false
     0 | D:1      | 0 ||| qw: Do Orc after clearing Dungeon:15 true
     0 | D:1      | 0 ||| qw: Do second Lair branch before Depths: true
     0 | D:1      | 0 ||| qw: Lair rune preference: random
     0 | D:1      | 0 ||| qw: Goals: Normal
     0 | D:1      | 0 ||| PLANNING D:1-11
    37 | D:1      | 37 ||| SWAPPING to +2 heavy sling.
    38 | D:1      | 38 ||| DROPPING +1 sling.
   108 | D:1      | Reached skill level 3 in Ranged Weapons
   108 | D:1      | Reached XP level 2. HP: 23/23 MP: 2/2
   426 | D:1      | Found a faded altar of an unknown god.
   450 | D:1      | 450 ||| UPGRADING to +0 ring mail.
   460 | D:1      | 460 ||| DROPPING +0 robe.
   461 | D:1      | 461 ||| READING 2 scrolls labelled HUONONYIDE.
   465 | D:1      | 465 ||| READING scroll labelled CEYJOSSA RYSKI.
   466 | D:1      | 466 ||| READING scroll labelled JETEYNLER USMY.
   467 | D:1      | 467 ||| DRINKING 2 viscous sapphire potions.
   572 | D:1      | 572 ||| DRINKING 2 bubbling clear potions.
   573 | D:1      | 573 ||| DROPPING scroll of poison.
   574 | D:1      | 574 ||| DROPPING potion of berserk rage.
   585 | D:2      | Reached XP level 3. HP: 29/29 MP: 3/3
   803 | D:2      | Found a shadowy altar of Dithmenos.
   818 | D:2      | HP: 7/29 [adder (1)]
   819 | D:2      | Reached skill level 4 in Ranged Weapons
  1162 | D:2      | Reached skill level 1 in Armour
  1489 | D:2      | 1489 ||| READING scroll labelled LOUTHUMAPE.
  1550 | D:3      | Noticed a scorpion
  1553 | D:3      | Killed a scorpion
  1554 | D:3      | Reached skill level 5 in Ranged Weapons
  1554 | D:3      | Reached XP level 4. HP: 36/36 MP: 4/4
  1956 | D:3      | 1956 ||| UPGRADING to +0 pair of boots.
  1961 | D:3      | 1961 ||| READING scroll labelled FUSMOCH UFIVI.
  1962 | D:3      | 1962 ||| READING 2 scrolls labelled ORA HACSAZAFAG.
  1963 | D:3      | 1963 ||| READING scroll labelled YTSAES FILLAO.
  2027 | D:3      | 2027 ||| DRINKING 3 metallic pink potions.
  2185 | D:4      | Reached skill level 3 in Fighting
  2185 | D:4      | Reached XP level 5. HP: 39/45 MP: 5/5
  2222 | D:4      | Noticed Sigmund
  2226 | D:4      | 2226 ||| DRINKING 2 potions of curing.
  2226 | D:4      | 2226 ||| (to cure confusion)
  2227 | D:4      | Killed Sigmund
  2228 | D:4      | Reached skill level 6 in Ranged Weapons
  2228 | D:4      | Reached XP level 6. HP: 51/51 MP: 6/6
  2277 | D:4      | Noticed Duvessa
  2277 | D:4      | Noticed Dowan
  2285 | D:4      | Killed Duvessa
  2287 | D:4      | HP: 11/53 [scorpion (5)]
  2288 | D:4      | 2288 ||| READING 3 scrolls of teleportation.
  2289 | D:4      | HP: 2/53 [scorpion (6)]
  2291 | D:4      | Reached skill level 7 in Ranged Weapons
  2291 | D:4      | Reached XP level 7. HP: 1/60 MP: 7/7
  2292 | D:4      | 2292 ||| READING 2 scrolls of teleportation.
  2292 | D:4      | Slain by Dowan

Levels and vault maps discovered:
D:1:      dpeg_arrival_ratfight, layout_rooms, shapermc_ecumenical_altar_venn
D:2:      layout_loops_corners, basic_altar
D:3:      layout_basic, grunt_decor_one_mirror
D:4:      kennysheep_big_flooded_room, layout_basic,
          minmay_temple_entry_stoned_glass, uniq_duvessa, uniq_sigmund,
          uniq_robin

Skill      XL: |  1  2  3  4  5  6 |
---------------+-------------------+-----
Ranged Weapons | 3 5 6 7 |  7.1
Fighting       | 2 3 4 |  4.5
Armour         | 1 |  1.0
Dodging        | |  2.1
Spellcasting   | |  1.0
Hexes          | |  2.0

Action                     |  1- 3 |  4- 6 |  7- 9 || total
---------------------------+-------+-------+-------++-------
   Fire: Sling             |    84 |    32 |     1 ||   117
    Use: Scroll            |     4 |     4 |     1 ||     9
         Potion            |     2 |     2 |       ||     4
 Armour: Robe              |     4 |       |       ||     4
         Ring mail         |    10 |    10 |     1 ||    21
  Dodge: Dodged            |    28 |    30 |     1 ||    59

Table legend:
 A = Non-vault XP
 B = Vault XP
 C = Vault XP percentage of total XP
 D = Non-vault monster count
 E = Vault monster count
 F = Vault count percentage of total count
                 A         B        C        D         E       F
            +---------+---------+-------+---------+---------+-------
      Total |     348 |     385 |  52.5 |      48 |       7 |  12.7
            +---------+---------+-------+---------+---------+-------
        D:1 |      32 |       5 |  13.5 |      18 |       5 |  21.7
        D:2 |      42 |       0 |   0.0 |      16 |       0 |   0.0
        D:3 |      91 |       0 |   0.0 |       6 |       0 |   0.0
        D:4 |     183 |     380 |  67.5 |       8 |       2 |  20.0
            +---------+---------+-------+---------+---------+-------
